 Dungeon Crawl Stone Soup version 0.14-a0-1527-g89529d6 (webtiles) character file.

199 M4edhros the Poker (level 5, -8/36 HPs)
             Began as an Octopode Chaos Knight on Dec 17, 2013.
             Was a Plaything of Xom.
             Mangled by a green rat (10 damage)
             ... on Level 2 of the Dungeon.
             The game lasted 00:02:34 (1651 turns).

M4edhros the Poker (Octopode Chaos Knight)          Turns: 1651, Time: 00:02:34

HP  -8/36        AC  1     Str 11      XL: 5   Next: 16%
MP   5/5         EV 13     Int 16      God: Xom
Gold 66          SH  0     Dex 11      Spells:  0 memorised,  4 levels left

rFire  . . .     SeeInvis .     a - +0 spear (chaos)
rCold  . . .     Clarity  .     (no shield)
rNeg   . . .     Conserve .     (helmet restricted)
rPois  .         rCorr    .     (no amulet)
rElec  .         rRot     .     (no ring)
SustAb . .       Spirit   .     (no ring)
rMut   .         Warding  .     (no ring)
Saprov . . .     Stasis   .     (no ring)
                                (no ring)
                                (no ring)
                                (no ring)
                                (no ring)

@: slightly resistant to hostile enchantments, fairly stealthy
A: almost no armour, amphibious, 8 rings, constrict 8, camouflage 1, gelatinous
body 1
a: Renounce Religion


You were on level 2 of the Dungeon.
You worshipped Xom.
You were a very special plaything of Xom.
You were hungry.

You visited 1 branch of the dungeon, and saw 2 of its levels.

You collected 66 gold pieces.

Inventory:

Hand weapons
 a - a +0,+0 spear of chaos (weapon)
Comestibles
 c - 2 bread rations
 f - a choko
Scrolls
 b - 4 scrolls of noise {unknown}
 d - 5 scrolls of identify {unknown}
 e - a scroll of teleportation {unknown}
 g - a scroll of amnesia {unknown}
 h - a scroll of enchant weapon I {unknown}
 i - 2 scrolls of remove curse {unknown}


   Skills:
 + Level 3.1 Fighting
 + Level 4.3 Polearms
 + Level 4.2 Dodging


You had 4 spell levels left.
You didn't know any spells.

Dungeon Overview and Level Annotations

Branches:
Dungeon (2/16)

Altars:
Trog


Innate Abilities, Weirdness & Mutations

You cannot wear most types of armour.
You are amphibious.
You can wear up to eight rings at the same time.
You can use your tentacles to constrict many enemies at once.
Your skin changes colour to match your surroundings (Stlth).
Your rubbery body absorbs attacks (AC +1).


Message History

The green rat goes berserk!
Your goblin zombie barely misses the rat.
You hit the green rat but do no damage. You grab the green rat.
The green rat is heavily wounded.
You constrict the green rat. The green rat bites you!
The rat closely misses you. The green rat completely misses you.
Your goblin zombie closely misses the rat.
You hit the green rat but do no damage.
The green rat flickers and vanishes!
Deactivating autopickup; reactivate with Ctrl-A.
Xom thinks this is hilarious!
You squeeze it. You constrict it. It bites you!
* * * LOW HITPOINT WARNING * * *
The rat bites you but does no damage.
You are too injured to fight recklessly!
You are too injured to fight recklessly!
Unknown command.
You aren't carrying any potions.
You barely miss it. You constrict it. It bites you!
You die...
Xom is highly amused!

........# #.# #.##
........# #.# #...
######.## #.# #... #.#
##.#### ##.. #.#
#.....###### #.. #.#
#....##....### ### ######
#...##.......##
.....#.###...#........)#
.....#......##..@{#....##
.....#####..##..r###..).#
.....# #..%(..z#y#._.)#
.....# #..##...###...)#
.....# #..##....#....##
.....# #.z.#.........#
.#.### ##.###.......#####
.#z# #.# ##....###.'.#
.#z# #.# #######..#.#


You could see a moth of wrath, a rat and a friendly goblin zombie.

Vanquished Creatures
  A boggart (D:2)
  A gnoll (D:1)
  3 adders (D:2)
  A gnoll (shapeshifter) (D:1)
  A giant mite (D:1)
  An inept item mimic (D:2)
  An ooze (D:1)
  3 giant cockroaches
  4 hobgoblins
  4 jackals (D:1)
  5 bats
  3 giant geckos (D:2)
  5 giant newts
  8 goblins
  5 kobolds
  A quokka (D:2)
  14 rats
61 creatures vanquished.

Notes
Turn   | Place    | Note
--------------------------------------------------------------
     0 | D:1      | M4edhros, the Octopode Chaos Knight, began the quest for the Orb.
     0 | D:1      | Reached XP level 1. HP: 16/16 MP: 1/1
    45 | D:1      | XOM: harmless Pois miscast
    46 | D:1      | XOM: god gift: dwarven chain mail {god gift}
    47 | D:1      | XOM: polymorph rat -> kobold
    49 | D:1      | Reached XP level 2. HP: 19/21 MP: 2/2
   173 | D:1      | Reached XP level 3. HP: 19/26 MP: 3/3
   722 | D:1      | XOM: cast spell 'Statue Form'
   782 | D:2      | Reached XP level 4. HP: 31/31 MP: 4/4
   960 | D:2      | Reached skill level 4 in Polearms
  1317 | D:2      | XOM: noise
  1401 | D:2      | XOM: noise
  1448 | D:2      | Reached XP level 5. HP: 25/36 MP: 5/5
  1622 | D:2      | Noticed a moth of wrath
  1624 | D:2      | Found a bloodstained altar of Trog.
  1645 | D:2      | XOM: polymorph rat -> green rat
  1651 | D:2      | Mangled by a green rat

Action                   |  1- 3 |  4- 6 || total
-------------------------+-------+-------++-------
Melee: Spear             |    71 |    83 ||   154
  Use: Potion            |       |     1 ||     1
 Stab: Sleeping          |     4 |     2 ||     6
       Distracted        |       |     1 ||     1
